 Dungeon Crawl Stone Soup version 0.27.1 (webtiles) character file.

Game seed: 10805278391249503150

39 funkygono the Firebug (level 3, -2/19 HPs)
             Began as a Gargoyle Fire Elementalist on Aug 23, 2021.
             Killed by nerve-wracking pain
             ... invoked by Jessica
              (7 damage)
             ... on level 2 of the Dungeon.
             The game lasted 00:03:38 (1534 turns).

funkygono the Firebug (Gargoyle Fire Elementalist)  Turns: 1534, Time: 00:03:38

Health: -2/19      AC:  5    Str: 11    XL:     3   Next: 47%
Magic:  0/6        EV: 12    Int: 16    God:
Gold:   58         SH:  0    Dex: 10    Spells: 3/7 levels left

rFire    . . .     SeeInvis .   c - +0 whip
rCold    . . .     Faith    .   (no shield)
rNeg     + . .     Spirit   .   a - +0 robe
rPois    ∞         Reflect  .   (no helmet)
rElec    +         Harm     .   (no cloak)
rCorr    .         Rampage  .   (no gloves)
Will     .....                  (no boots)
Stlth    ++........             (no amulet)
HPRegen  0.06/turn              (no ring)
MPRegen  0.10/turn              (no ring)

@: no status effects
A: sickness immunity, AC +3, negative energy resistance 1, electricity
resistance, torment resistance 1, petrification resistance
a: no special abilities


You were on level 2 of the Dungeon.
You visited 1 branch of the dungeon, and saw 2 of its levels.

You collected 58 gold pieces.

Inventory:

Hand Weapons
 c - a +0 whip (weapon)
Missiles
 d - 82 stones
Armour
 a - a +0 robe (worn)
 i - a +0 leather armour
Scrolls
 g - a scroll of identify
 j - a scroll of blinking {unknown}
Potions
 b - 2 potions of brilliance
 e - a potion of heal wounds {unknown}
 f - a potion of curing {unknown}
 h - a potion of lignification {unknown}


   Skills:
 + Level 0.1 Fighting
 + Level 1.6 Dodging
 + Level 2.3 Stealth
 * Level 2.5 Spellcasting
 * Level 1.5 Conjurations
 * Level 3.7 Fire Magic


You had 3 spell levels left.
You knew the following spells:

 Your Spells              Type           Power      Damage    Failure   Level
a - Foxfire               Conj/Fire      40%        2x1d6     7%          1
b - Conjure Flame         Conj/Fire      10%        6-21      21%         3

Your spell library contained the following spells:

 Spells                   Type           Power      Damage    Failure   Level
 Inner Flame              Hex/Fire       8%         N/A       26%         3
 Corpse Rot               Necr/Air       N/A        N/A       30%         2
 Sticky Flame             Conj/Fire      10%        2d3       54%         4
 Fireball                 Conj/Fire      5%         3d5       88%         5
 Dispel Undead            Necr           2%         3d7       89%         4
 Death Channel            Necr           1%         N/A       100%        6


Dungeon Overview and Level Annotations

Branches:
Dungeon (2/15)

Altars:

Annotations:
D:2 Jessica


Innate Abilities, Weirdness & Mutations

You are immune to sickness and miasma.
Your stone body is resilient. (AC +3)
You are immune to poison.
You resist negative energy. (rN+)
You are resistant to electric shocks. (rElec)
You are resistant to unholy torment.
You are immune to petrification.


Message History

Jessica is moderately wounded.
The foxfire hits Jessica.
Jessica completely resists.
Jessica is moderately wounded.
Jessica barely misses you. Jessica misses you.
You hit Jessica.
Jessica is moderately wounded.
Jessica hits you but does no damage. Jessica hits you with a +0 dagger.
You barely miss Jessica.
Jessica is moderately wounded.
Jessica hits you but does no damage.
Unknown command.
You hit Jessica but do no damage.
Jessica is moderately wounded.
Jessica hits you with a +0 dagger.
Jessica points at you and mumbles some strange words.
Pain shoots through your body!
You closely miss Jessica.
Jessica is moderately wounded.
Jessica barely misses you.
Casting: Foxfire (safe; 7% risk of failure)
Confirm with . or Enter, or press ? or * to list all spells.
You conjure some foxfire!
Jessica hits you but does no damage.
Jessica gestures wildly while chanting.
Jessica blinks!
Unknown command.
You hit Jessica.
Jessica is heavily wounded.
The foxfire hits Jessica but does no damage.
Jessica is heavily wounded.
The foxfire hits Jessica but does no damage.
Jessica is heavily wounded.
Jessica gestures at you while chanting. Pain shoots through your body!
Jessica hits you with a +0 dagger.
You closely miss Jessica.
Jessica is heavily wounded.
Jessica hits you with a +0 dagger.
* * * LOW HITPOINT WARNING * * *
Jessica gestures at you while chanting. Pain shoots through your body!
You die...

#... ## #..# .. .. ..
#..# .# . #. #..# .#.##
####.######..#####.#..
.....................
###....[###..#.###.#
........# #........#.#
........###.....@@...#
#...........(........#
#.......###............#
........##...##.####.###
##......##...##.# ...
........##...##.# ###
###.....##...##.#
........##...##.
###.....##...#


You could see Jessica (fast, resistant).

Vanquished Creatures
  2 dart slugs (D:1)
  3 bats
  2 endoplasms
  3 giant cockroaches (D:1)
  9 goblins
  A hobgoblin (D:1)
  2 quokkas (D:2)
  3 ball pythons (D:1)
  3 kobolds (D:1)
  2 rats (D:1)
30 creatures vanquished.

Vanquished Creatures (collateral kills)
  A foxfire (D:1)
1 creature vanquished.

Vanquished Creatures (others)
  89 foxfires
89 creatures vanquished.

Grand Total: 120 creatures vanquished

Notes
Turn   | Place    | Note
-------+----------+-------------------------------------------
     0 | D:1      | funkygono the Gargoyle Fire Elementalist began the quest
                  | for the Orb.
     0 | D:1      | Reached XP level 1. HP: 10/10 MP: 3/3
    97 | D:1      | Reached XP level 2. HP: 14/15 MP: 0/5
   888 | D:1      | Reached XP level 3. HP: 19/19 MP: 3/6
   924 | D:1      | Learned a level 3 spell: Conjure Flame
  1519 | D:2      | Noticed Jessica
  1534 | D:2      | Killed from afar by Jessica

Illustrated notes

Levels and vault maps discovered:
D:1:      minmay_arrival_glassed_features, layout_rooms, grunt_decor_resistance,
          chequers_big_river, amethyst_killhole, kennysheep_crisscross,
          roderic_cross_of_infinity, minmay_pentomino_t2
D:2:      layout_basic, uniq_jessica

Action                   || total
-------------------------++-------
Melee: Whip              ||    14
 Cast: Foxfire           ||    52
  Use: Scroll            ||     2
Armor: Robe              ||    14
Dodge: Dodged            ||    24
